 Dungeon Crawl Stone Soup version 0.20.0-7-g3b7b877 (webtiles) character file.

427 Gorglomux the Chopper (level 6, 0/55 HPs)
             Began as a Hill Orc Fighter on May 29, 2017.
             Slain by a worker ant (5 damage)
             ... on level 4 of the Dungeon.
             The game lasted 00:02:42 (3313 turns).

Gorglomux the Chopper (Hill Orc Fighter)            Turns: 3313, Time: 00:02:43

Health: 0/55       AC:  8    Str: 19    XL:     6   Next: 97%
Magic:  6/6        EV:  8    Int:  8    God:
Gold:   147        SH:  9    Dex: 12    Spells: 5/5 levels left

rFire    . . .     SeeInvis .   a - +0 war axe
rCold    . . .     Gourm    .   c - +0 shield
rNeg     . . .     Faith    .   b - +0 scale mail
rPois    .         Spirit   .   (no helmet)
rElec    .         Reflect  .   (no cloak)
rCorr    .         Harm     .   (no gloves)
MR       .....                  M - +0 pair of boots
Stlth    ..........             (no amulet)
Regen    0.2/turn               (no ring)
MPRegen  0.1/turn               (no ring)

@: lethally poisoned (0 -> -4)
A: no striking features
a: no special abilities


You were on level 4 of the Dungeon.
You were not hungry.

You visited 1 branch of the dungeon, and saw 4 of its levels.

You collected 147 gold pieces.

Inventory:

Hand Weapons
 a - a +0 war axe (weapon)
Armour
 b - a +0 scale mail (worn)
 c - a +0 shield (worn)
 M - a +0 pair of boots (worn)
Scrolls
 A - a scroll of immolation {unknown}
 D - a scroll of enchant weapon {unknown}
 F - a scroll of amnesia {unknown}
 J - a scroll of fear {unknown}
 K - 2 scrolls of remove curse {unknown}
 N - 3 scrolls of identify {unknown}
Potions
 C - a potion of resistance
 P - 3 potions of heal wounds {unknown}
Comestibles
 f - 3 bread rations
 z - a meat ration
 G - 3 royal jellies
 O - a chunk of flesh


   Skills:
 + Level 4.8 Fighting
 + Level 4.8 Axes
 + Level 4.8 Armour
 + Level 2.4 Dodging
 + Level 4.7 Shields


You had 5 spell levels left.
You didn't know any spells.

Dungeon Overview and Level Annotations

Branches:
Dungeon (4/15)
 Temple: D:4-7

Altars:
Ashenzari
Cheibriados
Fedhas
Makhleb
Ru
Zin
The Shining One


Message History

You hit the worker ant but do no damage.
You feel sick.
The worker ant bites you but does no damage.
The adder bites you but does no damage.
You slash the adder!
You kill the adder!
You hit the worker ant but do no damage.
You feel sick. The worker ant bites you.
* * * LOW HITPOINT WARNING * * *
You block the worker ant's attack.
Unknown command.
You barely miss the worker ant.
The worker ant is heavily wounded.
* * * LOW HITPOINT WARNING * * *
You feel sick. The worker ant barely misses you.
You hit the worker ant.
The worker ant is heavily wounded.
* * * LOW HITPOINT WARNING * * *
You feel sick. You block the worker ant's attack. The worker ant bites you.
You die...

#..<.......
#.O........
###a.........# ##
........<......
###. .#
.#########...#. ...
###.## ## ##...##..
........ ## ......
......>. .# #a†###
...... .....
#@..##...... #####
#..#...#..# #
#..####.#.# ##
#.#####...#####.##
.#
..................#
.#
##.######..#.######
.## .. ##..##...###
..## ###
#..#####...## .._#
###.## ###..#


You could see a worker ant.

Vanquished Creatures
  An ogre (D:4)
  A scorpion (D:4)
  2 orc wizards
  A bullfrog skeleton (D:4)
  2 worker ants (D:4)
  6 adders
  An ooze (D:1)
  An adder zombie (D:4)
  2 worms
  A dart slug (D:3)
  3 leopard geckos
  7 orcs (D:3)
  A ball python (D:1)
  3 giant cockroaches
  12 goblins
  8 hobgoblins
  8 jackals
  4 quokkas
  8 bats
  2 frilled lizards
  8 kobolds
  6 rats
88 creatures vanquished.

Notes
Turn   | Place    | Note
-------+----------+-------------------------------------------
     0 | D:1      | Gorglomux the Hill Orc Fighter began the quest for the Orb.
     0 | D:1      | Reached XP level 1. HP: 19/19 MP: 1/1
   122 | D:1      | Reached XP level 2. HP: 26/26 MP: 2/2
   200 | D:1      | Reached skill level 1 in Dodging
   238 | D:1      | Reached skill level 3 in Axes
   265 | D:1      | Reached XP level 3. HP: 19/33 MP: 3/3
   812 | D:2      | Found a shattered altar of Ashenzari.
   958 | D:2      | Reached XP level 4. HP: 35/40 MP: 4/4
  1120 | D:2      | Found a sacrificial altar of Ru.
  1376 | D:3      | Reached XP level 5. HP: 23/46 MP: 5/5
  1567 | D:3      | Found a burning altar of Makhleb.
  1567 | D:3      | Found a glowing silver altar of Zin.
  1568 | D:3      | Noticed an angel
  1568 | D:3      | Noticed a cacodemon
  2315 | D:4      | Noticed an ogre
  2625 | D:4      | Found a glowing golden altar of the Shining One.
  2850 | D:4      | Killed an ogre
  2850 | D:4      | Reached XP level 6. HP: 23/53 MP: 6/6
  2872 | D:4      | HP: 1/53 [scorpion (4)]
  3032 | D:4      | Found a sacrificial altar of Ru.
  3032 | D:4      | Found a faded altar of an unknown god.
  3042 | D:4      | Found a faded altar of an unknown god.
  3044 | D:4      | Found a snail-covered altar of Cheibriados.
  3046 | D:4      | Found a blossoming altar of Fedhas.
  3313 | D:4      | Slain by a worker ant

Skill      XL: |  1  2  3  4  5 |
---------------+----------------+-----
Dodging        | 1 2 |  2.4
Axes           | 3 4 |  4.8
Fighting       | 4 |  4.8
Shields        | 4 |  4.7
Armour         | 4 |  4.8

Action                   |  1- 3 |  4- 6 || total
-------------------------+-------+-------++-------
Melee: War axe           |   121 |   240 ||   361
  Use: Potion            |       |     5 ||     5
  Eat: Chunk             |       |     5 ||     5
       Meat ration       |       |     1 ||     1
Armor: Scale mail        |    57 |   104 ||   161
Dodge: Dodged            |    48 |    99 ||   147
Block: Shield            |    69 |   130 ||   199
